AoeStats
← 海峡

Arabia

509076839Analyzed
2v2 RM · 8d ago on Sep 25, 2026· 35m 35s· 4 players
Game mode
Random Map
Map size
Medium (4 player)
Population
200
Speed
Normal
Resources
Standard
Victory
Conquest
Starting age
Dark Age
Ending age
Imperial Age
RankedLock teamsTeams togetherTeam positionsShared explorationLock speedFull tech treeHidden civsTurbo modeCheats
Victory
Defeat
🇧🇷 Danes · Brazil
1346
+15
🇺🇸 Varangians · United States
1284
+17
🇨🇳 Romans · China
1448
-22
🇨🇳 Jurchens · China
1174
-10
还有遗憾吗
1:29 Loom
11:21 Loom
13:28 Feudal Age
11:44 Loom
17:48 Castle Age
16:23 Double-Bit Axe
24:30 Horse Collar
25:28 Gold Mining
27:40 Forging
28:13 Husbandry
28:23 Bloodlines
28:30 Bloodlines
28:56 Scale Barding Armor
29:07 Bloodlines
30:24 Chain Barding Armor
31:03 Bloodlines
31:36 Iron Casting
35:13 Gold Shaft Mining
海峡
5:07 Loom
9:31 Feudal Age
9:32 Man-at-Arms
10:02 Double-Bit Axe
15:06 Scale Mail Armor
17:57 Horse Collar
22:02 Castle Age
20:05 Padded Archer Armor
20:21 Fletching
21:59 Forging
22:15 Long Swordsman
23:11 Chain Mail Armor
24:00 Gold Mining
25:16 Bodkin Arrow
26:55 Pikeman
28:46 Husbandry
28:56 Bloodlines
33:01 Bow Saw
TmZ_Jozuh
7:05 Loom
9:18 Feudal Age
9:46 Double-Bit Axe
9:48 Horse Collar
14:58 Fletching
17:23 Bloodlines
24:24 Castle Age
23:37 Scale Barding Armor
23:43 Forging
23:40 Gold Mining
25:31 Chain Barding Armor
25:59 Husbandry
deslin_
0:27 Loom
11:22 Feudal Age
12:02 Man-at-Arms
13:37 Double-Bit Axe
21:21 Castle Age
21:30 Wheelbarrow
21:43 Long Swordsman
22:24 Squires
22:27 Scale Mail Armor
22:58 Town Watch
23:36 Stone Mining
25:48 Chain Mail Armor
27:43 Hamask
Connection lost

Rejoining the realm…

Still unreachable

The connection could not be restored.

Session expired

The server has moved on; the page needs a fresh start.